 Dungeon Crawl Stone Soup version 0.22.1-1-ga44c0e56f4 (webtiles) character file.

170 testrrrr1 the Skirmisher (level 5, 36/42 HPs)
             Began as a Demonspawn Abyssal Knight on Nov 3, 2018.
             Was a Believer of Lugonu.
             Starved to death
             ... on level 4 of the Dungeon.
             The game lasted 00:17:36 (2380 turns).

testrrrr1 the Skirmisher (DsAK)                     Turns: 2380, Time: 00:17:37

Health: 36/42      AC: 11    Str: 11 (13) XL:     5   Next: 25%
Magic:  7/7        EV:  2    Int: 11 (14) God:    Lugonu [**....]
Gold:   183        SH:  3    Dex: 11 (12) Spells: 4/4 levels left

rFire    + . .     SeeInvis .   b - +1 spear (venom)
rCold    . . .     Gourm    .   c - +0 buckler
rNeg     . . .     Faith    .   f - +0 plate armour
rPois    .         Spirit   .   (no helmet)
rElec    .         Reflect  .   (no cloak)
rCorr    .         Harm     .   (no gloves)
MR       .....                  (no boots)
Stlth    ..........             (no amulet)
HPRegen  0.14/turn              (no ring)
MPRegen  0.10/turn              (no ring)

@: fainting
A: claws 1, fire resistance 1, flame cloud immunity
a: Depart the Abyss, Bend Space, Renounce Religion


You were on level 4 of the Dungeon.
You worshipped Lugonu.
Lugonu was pleased with you.
You were fainting.

You visited 1 branch of the dungeon, and saw 4 of its levels.
You visited the Abyss 1 time.

You collected 183 gold pieces.

Inventory:

Hand Weapons
 a - a +1 hand axe
 b - a +1 spear of venom (weapon)
Armour
 c - a +0 buckler (worn)
 f - a +0 plate armour (worn)
Scrolls
 d - 2 scrolls of remove curse {unknown}
 e - a scroll of magic mapping {unknown}
 j - a scroll of immolation {unknown}
 k - 2 scrolls of enchant armour {unknown}
Potions
 g - a potion of lignification {unknown}
 h - a potion of mutation {unknown}
 i - 2 potions of degeneration
 m - a potion of might {unknown}


   Skills:
 + Level 4.2 Fighting
 + Level 2.3(2.6) Axes
 + Level 1.6(2.2) Polearms
 + Level 2.7 Armour
 + Level 1.0 Dodging
 + Level 1.1 Shields
 + Level 2.8 Invocations


You had 4 spell levels left.
You didn't know any spells.
Your spell library was empty.

Dungeon Overview and Level Annotations

Branches:
Dungeon (4/15)
 Temple: D:4-7

Altars:
Kikubaaqudgha


Innate Abilities, Weirdness & Mutations

You have sharp fingernails.
Your flesh is heat resistant. (rF+)
You are immune to clouds of flame.


Message History

The hungry ghost hits you.
You feel slightly more hungry.
You closely miss the hungry ghost.
The hungry ghost is moderately damaged.
You block the hungry ghost's attack.
You hit the hungry ghost but do no damage.
The hungry ghost is moderately damaged.
The hungry ghost hits you.
You feel slightly more hungry.
You miss the hungry ghost.
The hungry ghost is moderately damaged.
The hungry ghost hits you.
You feel slightly more hungry.
Your plate armour prevents you from hitting the hungry ghost.
The hungry ghost is moderately damaged.
The hungry ghost hits you.
You feel slightly more hungry.
You closely miss the hungry ghost.
The hungry ghost is moderately damaged.
The hungry ghost hits you.
You feel slightly more hungry.
Your plate armour prevents you from hitting the hungry ghost.
The hungry ghost is moderately damaged.
You have starved to death.
You die...

#.##.# ######.#..
#........#
#........#
###........########
...........<.......
#........########
#........#
#.@W.....#
#........#
#........#
##########


You could see a hungry ghost.

Vanquished Creatures
  A crimson imp (D:3)
  4 adders
  2 oozes
  A worm (D:2)
  3 dart slugs
  6 orcs
  5 giant cockroaches
  8 goblins
  7 hobgoblins
  7 jackals (D:2)
  7 kobolds
  3 quokkas
  A ball python (D:2)
  7 bats
  3 frilled lizards
  6 rats
71 creatures vanquished.

Notes
Turn   | Place    | Note
-------+----------+-------------------------------------------
     0 | Abyss:1  | testrrrr1 the Demonspawn Abyssal Knight began the quest for
                  | the Orb.
     0 | Abyss:1  | Reached XP level 1. HP: 18/18 MP: 2/2
     0 | D:1      | Escaped the Abyss
   328 | D:1      | Gained mutation: Your flesh is heat resistant. (rF+)
                  | [demonic ancestry]
   328 | D:1      | Reached XP level 2. HP: 24/24 MP: 3/3
   562 | D:1      | You fall through a shaft!
   580 | D:2      | Reached * piety under Lugonu
   580 | D:2      | Gained mutation: You have sharp fingernails. [demonic
                  | ancestry]
   580 | D:2      | Reached XP level 3. HP: 25/30 MP: 4/4
   918 | D:2      | Reached skill level 4 in Fighting
  1042 | D:2      | Gained mutation: You are immune to clouds of flame.
                  | [demonic ancestry]
  1042 | D:2      | Reached XP level 4. HP: 31/37 MP: 6/6
  1090 | D:2      | Found an ancient bone altar of Kikubaaqudgha.
  1156 | D:2      | Reached ** piety under Lugonu
  1156 | D:2      | Reached skill level 1 in Dodging
  1912 | D:3      | Reached skill level 1 in Shields
  1952 | D:3      | Reached skill level 1 in Polearms
  1952 | D:3      | Reached XP level 5. HP: 29/42 MP: 7/7
  2327 | D:4      | Noticed a hungry ghost
  2380 | D:4      | Starved to death

Skill      XL: |  1  2  3  4 |
---------------+-------------+-----
Axes           | 2 |  2.3
Armour         | 2 |  2.7
Fighting       | 4 |  4.2
Dodging        | 1 |  1.0
Shields        | 1 |  1.1
Polearms       | 1 |  1.6
Invocations    | |  2.8

Action                   |  1- 3 |  4- 6 || total
-------------------------+-------+-------++-------
Melee: Hand axe          |    35 |       ||    35
       Spear             |    80 |   186 ||   266
Invok: Depart the Abyss  |     1 |       ||     1
  Use: Potion            |       |     1 ||     1
  Eat: Ration            |     1 |     2 ||     3
       Chunk             |       |     1 ||     1
Armor: Scale mail        |    10 |       ||    10
       Plate armour      |    98 |   137 ||   235
Dodge: Dodged            |    35 |    28 ||    63
Block: Buckler           |       |    23 ||    23
